 Dungeon Crawl Stone Soup version 0.29-a0-380-gf50f0a9fbc (webtiles) character file.

Game seed: 13519208669061023150

1446 happo123 the Grappler (level 8, -2/78 HPs)
             Began as a Troll Berserker on May 5, 2022.
             Was an Elder of Trog.
             Shot with an arrow by a centaur (9 damage)
             ... on level 5 of the Dungeon.
             The game lasted 00:23:54 (3799 turns).

happo123 the Grappler (Troll Berserker)             Turns: 3799, Time: 00:23:55

Health: -2/78      AC:  8    Str: 28    XL:     8   Next: 46%
Magic:  7/7        EV: 10    Int:  3    God:    Trog [****..]
Gold:   210        SH:  0    Dex:  9    Spells: 7/7 levels left

rFire   . . .      SeeInvis .     - Unarmed
rCold   . . .      Faith    .   s - orb {light}
rNeg    . . .      Spirit   .   a - +0 animal skin
rPois   .          Reflect  .   (helmet restricted)
rElec   .          Harm     .   (no cloak)
rCorr   .          Rampage  .   (gloves unavailable)
Will    ++...                   (boots unavailable)
Stlth   +.........              q - amulet of regeneration
HPRegen 2.83/turn               A - +4 ring of protection
MPRegen 0.10/turn               (no ring)

@: strong-willed, on berserk cooldown, regenerating, slowed, glowing, very slow
A: large, unfitting armour, claws 3, regeneration 1, shaggy fur 1, tough skin 1
a: Renounce Religion, Berserk, Trog's Hand, Brothers in Arms


You were on level 5 of the Dungeon.
You worshipped Trog.
Trog was greatly pleased with you.
You visited 1 branch of the dungeon, and saw 5 of its levels.
You also visited: Sewer.

You collected 275 gold pieces.
You spent 65 gold pieces at shops.

Inventory:

Hand Weapons
 n - a +2 flail of holy wrath
 v - a +0 hand crossbow
 z - the +6 rapier of Gozag, Glowing {vorpal, rN++}
   (You found it on level 5 of the Dungeon)

   It inflicts extra damage upon your enemies.
   rN:        It greatly protects you from negative energy.
Armour
 a - a +0 animal skin (worn)
 s - an orb of light (worn)
 y - an orb of wrath
Jewellery
 p - an amulet of guardian spirit
 q - an amulet of regeneration (around neck)
 A - a +4 ring of protection (left claw)
Scrolls
 b - a scroll of immolation {unknown}
 c - a scroll of silence {unknown}
 e - a scroll of magic mapping {unknown}
 g - 3 scrolls of identify
 i - a scroll of noise {unknown}
 j - a scroll of vulnerability {unknown}
 l - a scroll of teleportation {unknown}
 u - a scroll of fear {unknown}
 w - 2 scrolls of summoning
 x - a scroll of torment {unknown}
Potions
 d - a potion of degeneration {unknown}
 f - 3 potions of cancellation
 h - 2 potions of might
 k - 2 potions of lignification
 m - a potion of mutation {unknown}
 o - a potion of heal wounds
 r - a potion of flight {unknown}
 t - a potion of magic {unknown}


   Skills:
 + Level 3.8 Fighting
 + Level 4.6 Dodging
 + Level 0.9 Stealth
 + Level 9.0 Unarmed Combat


You had 7 spell levels left.
You didn't know any spells.
Your spell library was empty.

Dungeon Overview and Level Annotations

Branches:
Dungeon (5/15)              Sewer (visited)
 Temple: D:4-7

Altars:
Xom

Shops:
D:3 =*


Innate Abilities, Weirdness & Mutations

You are too large for most types of armour.
You have claws for hands.
Your natural rate of healing is unusually fast.
You are covered in fur. (AC +1)
You have tough skin. (AC +1)


Message History

* * * LOW HITPOINT WARNING * * *
A red film seems to cover your vision as you go berserk!
You feel yourself moving faster!
You feel mighty!
The centaur shoots an arrow.
The arrow hits you.
* * * LOW HITPOINT WARNING * * *
The scorpion stings you.
* * * LOW HITPOINT WARNING * * *
The gnoll hits you but does no damage.
You mangle the gnoll!!
You kill the gnoll!
Trog accepts your kill.
The centaur shoots an arrow.
The arrow closely misses you.
The scorpion stings you but does no damage.
You mangle the scorpion!!
You kill the scorpion!
Trog accepts your kill.
The centaur shoots an arrow.
The arrow hits you.
* * * LOW HITPOINT WARNING * * *
The centaur shoots an arrow.
The arrow closely misses you. The ice beast closely misses you.
Things that are here:
a +0 trident; a +0 scale mail You claw the ice beast!
The ice beast is heavily wounded.
You mangle the ice beast!!
You kill the ice beast!
Trog accepts your kill.
Your Unarmed Combat skill increases to level 9!
Okay, then.
The centaur shoots an arrow.
The arrow hits you!
* * * LOW HITPOINT WARNING * * *
You feel a strong urge to attack something.
You are no longer berserk.
You are exhausted.
You feel yourself slow down.
The centaur shoots an arrow.
The arrow hits you!
* * * LOW HITPOINT WARNING * * *
The centaur shoots an arrow.
The arrow hits you.
* * * LOW HITPOINT WARNING * * *
The centaur shoots an arrow.
The arrow hits you!
You die...

.##..†.# .......#
.##...## ##.## #.#
.###.# #.# .....#
#.# ####'## #.# #
##...## ##.#####.#
##.....####.....@..#
#.......##..)...##.#
.........#..)...# #
.........+.))≈≈##
.............≈c)!.P.
#.......##...≈≈####.
##.....###......#
##...## #......#
##+# #........


You could see a centaur.

Vanquished Creatures
  An ice beast (D:5)
  An ogre (D:4)
  A gnoll sergeant (D:5)
  6 kobold brigands (Sewer)
  4 scorpions (D:5)
  A howler monkey (D:5)
  A gnoll shaman (D:4)
  3 hounds (D:4)
  2 orc wizards (D:4)
  14 adders
  9 gnolls
  An ufetubus (D:4)
  4 worms
  5 dart slugs
  7 orcs
  13 ball pythons
  4 bats
  12 endoplasms
  5 giant cockroaches
  8 hobgoblins
  5 jackals
  12 kobolds
  A quokka (D:1)
  6 frilled lizards
  5 goblins
  11 rats
142 creatures vanquished.

Notes
Turn   | Place    | Note
-------+----------+-------------------------------------------
     0 | D:1      | happo123 the Troll Berserker began the quest for the Orb.
     0 | D:1      | Reached XP level 1. HP: 22/22 MP: 0/0
    47 | D:1      | Reached XP level 2. HP: 20/29 MP: 1/1
   322 | D:1      | Reached XP level 3. HP: 36/36 MP: 2/2
   663 | D:1      | Found a faded altar of an unknown god.
   671 | D:1      | Reached ** piety under Trog
  1102 | D:2      | Reached XP level 4. HP: 45/45 MP: 3/3
  1103 | D:2      | Found a shimmering altar of Xom.
  1370 | D:2      | Reached skill level 4 in Unarmed Combat
  1598 | D:3      | Found Reimoin's General Store.
  1608 | D:3      | Bought a potion of heal wounds for 65 gold pieces
  1971 | D:3      | Reached *** piety under Trog
  1976 | D:3      | Found Bukh's Jewellery Boutique.
  2252 | D:4      | Reached XP level 5. HP: 53/53 MP: 4/4
  2266 | D:4      | Reached skill level 5 in Unarmed Combat
  2314 | D:4      | Found a glowing drain.
  2353 | Sewer    | Entered a sewer
  2519 | Sewer    | Reached XP level 6. HP: 50/61 MP: 5/5
  2651 | Sewer    | Reached skill level 6 in Unarmed Combat
  2712 | Sewer    | Reached **** piety under Trog
  2731 | Sewer    | Reached XP level 7. HP: 60/67 MP: 6/6
  2850 | Sewer    | Reached skill level 7 in Unarmed Combat
  3446 | D:5      | Entered Level 5 of the Dungeon
  3492 | D:5      | Reached XP level 8. HP: 78/78 MP: 7/7
  3493 | D:5      | Identified the +6 rapier of Gozag, Glowing {vorpal, rN++}
  3505 | D:5      | Reached skill level 8 in Unarmed Combat
  3796 | D:5      | Reached skill level 9 in Unarmed Combat
  3799 | D:5      | Shot with an arrow by a centaur

Illustrated notes

Levels and vault maps discovered:
D:1:      minmay_arrival_open_corners, layout_loops_ring,
          dreamdust_ecumenical_altar_hidden_monk_grotto,
          chequers_serial_rivers_room_b
D:2:      layout_basic, basic_altar
D:3:      layout_basic, serial_shops, nicolae_shop_statue_plus,
          nicolae_lakefront_shop, small_statue_intersection
D:4:      layout_basic, enter_ossuary_3, gup_sewer_entry_glass
D:5:      layout_loops_corners, serial_shops, shop, nicolae_shop_crystal,
          minmay_misc_feat_diagonals, kb_lookout_dungeons_type,
          kennysheep_path_1, kennysheep_pointless_box

Skill      XL: |  1  2  3  4  5  6  7  8 |
---------------+-------------------------+-----
Fighting       | 3 |  3.8
Dodging        | 3 4 |  4.6
Unarmed Combat | 4 5 6 7 9 |  9.0
Stealth        | |  0.9

Action                   |  1- 3 |  4- 6 |  7- 9 || total
-------------------------+-------+-------+-------++-------
Melee: Unarmed           |    94 |   164 |    94 ||   352
       Punch             |     5 |     2 |       ||     7
Invok: Berserk           |       |     1 |     2 ||     3
       Trog's Hand       |       |       |     1 ||     1
  Use: Scroll            |       |       |     4 ||     4
Armor: Animal skin       |    20 |    34 |    35 ||    89
Dodge: Dodged            |    39 |    73 |    69 ||   181

Table legend: (Time is in decaauts)
 A = Elapsed time spent in this place.
 B = Non-inter-level travel time spent in this place.
 C = Inter-level travel time spent in this place.
 D = Time resting spent in this place.
 E = Time spent auto-exploring this place.
 F = Levels seen in this place.
 G = Mean time per level.
                   A        B        C        D        E       F      G
               +--------+--------+--------+--------+--------+-----+--------+
         Total |   3937 |   2961 |    976 |      0 |   1828 |   6 |  656.2 |
       Dungeon |   3251 |   2275 |    976 |      0 |   1619 |   5 |  650.2 |
         Sewer |    686 |    686 |      0 |      0 |    209 |   1 |  686.0 |
               +--------+--------+--------+--------+--------+-----+--------+

Top non-repeatable levels by time:
     D:1: 835 daAuts
     D:4: 768 daAuts
   Sewer: 686 daAuts
     D:2: 661 daAuts
     D:3: 641 daAuts
     D:5: 345 daAuts
